 Dungeon Crawl Stone Soup version 0.30-a0-325-gb515db48ae (webtiles) character file.

Game seed: 1009920837566329066

2315 MrRokkomies the Cutter (level 9, -2/83 HPs)
             Began as an Armataur Gladiator on Oct 28, 2022.
             Was a Believer of Uskayaw.
             Killed from afar by a smoke demon (11 damage)
             ... with a ball of steam
             ... on level 1 of the Abyss.
             The game lasted 00:17:26 (7604 turns).

MrRokkomies the Cutter (Armataur Gladiator)         Turns: 7604, Time: 00:17:28

Health: -2/83      AC:  8    Str: 19    XL:     9   Next: 18%
Magic:  9/9        EV: 10    Int: 10    God:    Uskayaw [**....]
Gold:   338        SH:  0    Dex: 17    Spells: 8/8 levels left

rFire   . . .      SeeInvis +    a - +3 quick blade (drain)
rCold   . . .      Faith    .    (no shield)
rNeg    + . .      Spirit   .    n - +0 ring mail of Naesiec {rPois rN+ Int+2 Stlth+}
rPois   +          Reflect  .    c - +0 helmet
rElec   .          Harm     .    y - +0 cloak
rCorr   .          Roll     +    z - +0 pair of gloves
Will    .....                    (no barding)
Stlth   +++.......               (no amulet)
HPRegen 0.33/turn                r - ring of see invisible
MPRegen 0.11/turn                (no ring)

@: silenced
A: large, rugged brown scales 3, deformed body, armoured tail, roll, long
tongue, awkward tongue
a: Renounce Religion


You were on level 1 of the Abyss.
You worshipped Uskayaw.
Uskayaw was noncommittal.
You visited 2 branches of the dungeon, and saw 9 of its levels.
You visited the Abyss 1 time.

You collected 338 gold pieces.

Inventory:

Hand Weapons
 a - a +3 quick blade of draining (weapon)
 f - a +1 rapier
Missiles
 d - 3 throwing nets
 e - 6 javelins
 h - 30 poisoned darts (quivered)
Armour
 b - a +0 leather armour
 c - a +0 helmet (worn)
 n - the +0 ring mail of Naesiec (worn) {rPois rN+ Int+2 Stlth+}
   (You found it on level 2 of the Dungeon)

   Int:       It affects your intelligence (+2).
   rPois:     It protects you from poison.
   rN:        It protects you from negative energy.
   Stlth:     It makes you more stealthy.
 y - a +0 cloak (worn)
 z - a +0 pair of gloves (worn)
Jewellery
 r - a ring of see invisible (left hand)
 A - an amulet of faith
Wands
 s - a wand of roots (8)
 w - a wand of polymorph (10)
Scrolls
 m - 4 scrolls of teleportation
 p - a scroll of magic mapping
Potions
 g - a potion of flight
 i - a potion of attraction
 j - 2 potions of lignification
 k - a potion of mutation
 o - a potion of magic
 q - 4 potions of curing
 t - 2 potions of ambrosia
 u - a potion of cancellation
 v - a potion of brilliance {unknown}
 x - a potion of haste {unknown}


   Skills:
 * Level 6.7 Fighting
 * Level 7.1 Short Blades
 - Level 1.7 Throwing
 + Level 4.3 Dodging
 + Level 5.7 Stealth


You had 8 spell levels left.
You didn't know any spells.
Your spell library contained the following spells:

 Spells                   Type           Power      Damage    Failure   Level
 Sting                    Tmut/Pois      0%         1d3       54%         1
 Summon Small Mammal      Summ           0%         N/A       54%         1
 Poisonous Vapours        Pois/Air       0%         N/A       69%         2
 Call Canine Familiar     Summ           0%         N/A       89%         3
 Summon Guardian Golem    Hex/Summ       0%         N/A       89%         3
 Olgreb's Toxic Radiance  Pois           0%         N/A       100%        4


Dungeon Overview and Level Annotations

Branches:
Dungeon (8/15)             Temple (1/1) D:7
   Lair: D:8-11

Altars:
Cheibriados
Elyvilon
Fedhas
Gozag
Hepliaklqana
Kikubaaqudgha
Makhleb
Nemelex Xobeh
Okawaru
Qazlal
Ru
Sif Muna
Trog
Uskayaw
Vehumet
Wu Jian
Xom
Yredelemnul
Zin
The Shining One

Annotations:
D:5 2 transporters, Stonecrops's ghost, novice FoFi
D:8 Psyche


Innate Abilities, Weirdness & Mutations

You are completely covered in rugged brown scales. (AC +3, +7% HP)
Armour fits poorly on your strangely shaped body.
You have a long armoured tail.
You roll when moving toward enemies. (Rampage)
Your long tongue fully drains potion bottles. (2x potion effects)
Your tongue gives you trouble enunciating. (1.5x scroll delay)


Message History

You can now pass through a line of other dancers.
You barely miss the smoke demon.
The smoke demon is heavily wounded.
You hit the smoke demon.
Your tail-slap misses the smoke demon.
The smoke demon is heavily wounded.
You barely miss the smoke demon.
The smoke demon is heavily wounded.
A large abomination comes into view.
The smoke demon closely misses you. The smoke demon hits you.
The smoke demon hits you but does no damage.
You closely miss the smoke demon.
The smoke demon is heavily wounded.
You completely miss the smoke demon. You tail-slap the smoke demon.
The smoke demon is heavily wounded.
You hit the smoke demon but do no damage.
The smoke demon is heavily wounded.
The smoke demon hits you. x2; The smoke demon completely misses you.
You hit the smoke demon.
The smoke demon is heavily wounded.
You completely miss the smoke demon.
The smoke demon is heavily wounded.
You closely miss the smoke demon.
The smoke demon is heavily wounded.
The smoke demon hits you.
The smoke demon hits you but does no damage.
The smoke demon hits you. The large abomination hits you!
The smoke demon closely misses you.
The smoke demon hits you but does no damage. x2
You hit the smoke demon.
The smoke demon is severely wounded.
You hit the smoke demon but do no damage.
You tail-slap the smoke demon, but do no damage.
The smoke demon is severely wounded.
You hit the smoke demon.
The smoke demon is severely wounded.
The large abomination hits you!!!
* * * LOW HITPOINT WARNING * * *
The smoke demon gestures at you. The ball of steam hits you!
You die...

. . #...##...#
#~~ #...# #.
.####~# ..# #..
### ~≈~ ~## .
#....#.
#..#.##..##
##.# #
.......#...# #.
..
....#####...#.#
. # #.#..# .. .
##...# #. .
#3@.##
#..##X...# #.#
....# ##
...#..# #......
###... ... ..


You could see a large abomination and a smoke demon (unsilenced).

Vanquished Creatures
  A wyvern (D:7)
  2 water moccasins
  2 black bears
  2 sky beasts
  2 ogres
  A centaur (D:6)
  2 kobold brigands
  2 scorpions (D:5)
  3 bullfrogs
  A necrophage (D:6)
  3 wights (D:6)
  A howler monkey (D:5)
  A jelly (D:5)
  3 hounds
  An orc priest (D:5)
  2 iguanas
  2 gnoll boudas
  Jessica (D:3)
  A scorpion zombie (D:3)
  A hound zombie (D:3)
  11 gnolls
  10 adders
  2 white imps
  An adder zombie (D:3)
  4 worms
  15 orcs
  6 ball pythons
  4 bats
  8 endoplasms
  6 giant cockroaches
  3 goblins
  4 hobgoblins
  2 jackals (D:2)
  3 quokkas
  2 frilled lizards (D:3)
  21 kobolds
  A quokka zombie (D:3)
  6 rats
  A lurking horror (Abyss:1)
144 creatures vanquished.

Vanquished Creatures (others)
  A plant (D:3)
1 creature vanquished.

Grand Total: 145 creatures vanquished

Notes
Turn   | Place    | Note
-------+----------+-------------------------------------------
     0 | D:1      | MrRokkomies the Armataur Gladiator began the quest for the
                  | Orb.
     0 | D:1      | Reached XP level 1. HP: 18/18 MP: 1/1
   167 | D:1      | Reached XP level 2. HP: 21/25 MP: 2/2
   513 | D:1      | Reached skill level 3 in Short Blades
   770 | D:1      | Reached skill level 1 in Stealth
   853 | D:2      | Reached XP level 3. HP: 17/32 MP: 3/3
  1078 | D:2      | Identified a scroll of acquirement
  1078 | D:2      | Acquired a +2 quick blade of flaming
  1531 | D:2      | Identified the +0 ring mail of Naesiec {rPois rN+ Int+2
                  | Stlth+}
  1645 | D:3      | Reached XP level 4. HP: 39/39 MP: 4/4
  1823 | D:3      | Noticed Jessica
  1843 | D:3      | Killed Jessica
  1844 | D:3      | Reached XP level 5. HP: 41/48 MP: 5/5
  2045 | D:3      | Found a basalt altar of Yredelemnul.
  2211 | D:3      | Reached skill level 4 in Short Blades
  2433 | D:3      | Found a faded altar of an unknown god.
  2685 | D:3      | Reached XP level 6. HP: 16/54 MP: 6/6
  3035 | D:4      | Found a sparkling altar of Nemelex Xobeh.
  3600 | D:4      | Found a bloodstained altar of Trog.
  3644 | D:4      | Identified the +3 leather armour of Inaction {Str-4 Int+5}
  3739 | D:5      | Entered Level 5 of the Dungeon
  3754 | D:5      | Reached XP level 7. HP: 56/63 MP: 7/7
  3797 | D:5      | Reached skill level 5 in Short Blades
  4060 | D:5      | Found a stormy altar of Qazlal.
  4181 | D:5      | Noticed a hornet
  4182 | D:5      | Noticed Stonecrops's ghost (novice FoFi)
  4189 | D:5      | Found a transporter.
  4194 | D:5      | Found a transporter.
  4253 | D:5      | Found an iron altar of Okawaru.
  4388 | D:5      | Found a glowing golden altar of the Shining One.
  4478 | D:5      | Reached skill level 5 in Fighting
  4546 | D:5      | Reached XP level 8. HP: 72/72 MP: 8/8
  5006 | D:6      | Reached skill level 6 in Short Blades
  5177 | D:6      | Reached skill level 5 in Stealth
  5246 | D:6      | Found an ancient bone altar of Kikubaaqudgha.
  5691 | D:7      | Found a shimmering altar of Xom.
  5691 | D:7      | Found a shimmering altar of Xom.
  5692 | D:7      | Found a shimmering altar of Xom.
  5692 | D:7      | Found a shimmering altar of Xom.
  5712 | D:7      | Found a staircase to the Ecumenical Temple.
  5731 | D:7      | Reached XP level 9. HP: 33/83 MP: 9/9
  5737 | Temple   | Entered the Ecumenical Temple
  6069 | Temple   | Became a worshipper of Uskayaw the Reveller
  6095 | D:7      | Identified the +0 pair of boots "Gaal" {rPois}
  6148 | D:7      | Reached * piety under Uskayaw
  6161 | D:7      | Reached ** piety under Uskayaw
  6167 | D:7      | Reached *** piety under Uskayaw
  6168 | D:7      | Reached skill level 7 in Short Blades
  7336 | D:8      | Noticed Psyche
  7339 | Abyss:1  | Cast into level 1 of the Abyss (Psyche)
  7523 | Abyss:1  | Noticed a smoke demon
  7533 | Abyss:1  | Noticed a thrashing horror
  7537 | Abyss:1  | Noticed an orange demon
  7587 | Abyss:1  | Noticed a smoke demon
  7594 | Abyss:1  | Noticed a large abomination
  7604 | Abyss:1  | Killed from afar by a smoke demon

Illustrated notes

Levels and vault maps discovered:
D:1:      nzn_arrival_depleted_hourglass, layout_loops_cross, minmay_tripent
D:2:      layout_basic, grunt_ministairs_7
D:3:      layout_basic, nicolae_yredelemnul_corpse_copse,
          shapermc_ecumenical_altar_acropolis, palyth_stone_intersect,
          hangedman_feature_mirror, chequers_serial_rivers_small_3, uniq_jessica
D:4:      layout_rooms, mainiacjoe_overflow_catwalk_spiral
D:5:      layout_basic, mainiacjoe_overflow_alcove_2,
          mainiacjoe_overflow_alcove_1, tso_metal_star, gammafunk_ghost_hive,
          minmay_starry_boxes
D:6:      layout_basic, nicolae_kikubaaqudgha_miasma_corner, fountainhead
D:7:      layout_layer_cave, xom_redecorated, minmay_temple_entry_slanted
D:8:      layout_basic, uniq_psyche
Temple:   minmay_temple_bridge_abc
Abyss:1:  base: D:4, base:
Temple

Skill      XL: |  1  2  3  4  5  6  7  8  9 |
---------------+----------------------------+-----
Fighting       | 2 3 4 5 6 |  6.7
Short Blades   | 3 4 5 6 7 |  7.1
Stealth        | 1 2 3 4 5 |  5.7
Dodging        | 3 4 |  4.3
Throwing       | |  1.7

Action                   |  1- 3 |  4- 6 |  7- 9 || total
-------------------------+-------+-------+-------++-------
Melee: Rapier            |    94 |       |       ||    94
       Punch             |     1 |     1 |     4 ||     6
       Tailslap          |     9 |    29 |    34 ||    72
       Quick blade       |    32 |   200 |   216 ||   448
Throw: Dart              |       |       |     3 ||     3
Evoke: Wand              |       |     2 |       ||     2
  Use: Potion            |     1 |     1 |     1 ||     3
       Scroll            |     6 |     6 |     9 ||    21
 Stab: Sleeping          |     2 |    12 |    16 ||    30
       Distracted        |     1 |     1 |       ||     2
       Paralysed         |       |       |     3 ||     3
Armor: Leather armour    |    51 |       |       ||    51
       Skin              |     8 |       |    17 ||    25
       Ring mail         |       |    35 |    43 ||    78
Dodge: Dodged            |    65 |    41 |    35 ||   141

Table legend: (Time is in decaauts)
 A = Elapsed time spent in this place.
 B = Non-inter-level travel time spent in this place.
 C = Inter-level travel time spent in this place.
 D = Time resting spent in this place.
 E = Time spent auto-exploring this place.
 F = Levels seen in this place.
 G = Mean time per level.
                   A        B        C        D        E       F      G
               +--------+--------+--------+--------+--------+-----+--------+
         Total |   7383 |   7123 |    260 |    724 |   5444 |  10 |  738.3 |
       Dungeon |   6772 |   6533 |    239 |    505 |   5157 |   8 |  846.5 |
        Temple |    354 |    333 |     21 |    143 |    173 |   1 |  354.0 |
         Abyss |    256 |    256 |      0 |     76 |    114 |   1 |  256.0 |
               +--------+--------+--------+--------+--------+-----+--------+

Top non-repeatable levels by time:
     D:7: 1244 daAuts
     D:3: 1145 daAuts
     D:6: 934 daAuts
     D:4: 915 daAuts
     D:5: 903 daAuts
     D:1: 828 daAuts
     D:2: 758 daAuts
  Temple: 354 daAuts
 Abyss:1: 256 daAuts
     D:8: 43 daAuts
